 Dungeon Crawl Stone Soup version 0.29.1-2-gbd0b4ee654 (webtiles) character file.

Game seed: 2833534765153959758

879 warriortoast the Trooper (level 8, -4/84 HPs)
             Began as an Ogre Cinder Acolyte on Nov 19, 2022.
             Was a Follower of Ignis.
             Succumbed to Duvessa's poison
             ... on level 7 of the Dungeon.
             The game lasted 00:11:17 (5358 turns).

warriortoast the Trooper (Ogre Cinder Acolyte)      Turns: 5358, Time: 00:11:18

Health: -4/84      AC:  3    Str: 18    XL:     8   Next: 4%
Magic:  14/14      EV:  9    Int: 19    God:    Ignis [*.....]
Gold:   295        SH:  5    Dex:  4    Spells: 15/15 levels left

rFire   + . .      SeeInvis +   r - +5 spear of Ryalegatz {freeze, rElec rCorr Str-3 Int+4 SInv}
rCold   . . .      Faith    .   (no shield)
rNeg    . . .      Spirit   .   b - +0 robe
rPois   .          Reflect  +   (helmet restricted)
rElec   +          Harm     .   (no cloak)
rCorr   +          Rampage  .   (gloves unavailable)
Will    .....                   (boots unavailable)
Stlth   +.........              u - amulet of reflection
HPRegen 0.24/turn               (no ring)
MPRegen 0.14/turn               (no ring)

@: lethally poisoned (-4 -> -38), mesmerised
A: large, unfitting armour, tough skin 1
a: Renounce Religion, Fiery Armour, Foxfire Swarm, Rising Flame


You were on level 7 of the Dungeon.
You worshipped Ignis.
Ignis was aware of your devotion.
You visited 1 branch of the dungeon, and saw 7 of its levels.

You collected 295 gold pieces.

Inventory:

Hand Weapons
 a - a -1 spear of flaming
 i - the +6 long sword of Paper {spect, Will+++ Str+3 Dex+2}
   (You found it on level 2 of the Dungeon)

   When its wielder attacks, the weapon's spirit leaps out and strikes again.
   The spirit shares a part of any damage it takes with its wielder.
   Str:       It affects your strength (+3).
   Dex:       It affects your dexterity (+2).
   Will:      It greatly increases your willpower.
 n - the +6 long sword of Petsuumo {holy, rC+ Int+6}
   (You found it on level 3 of the Dungeon)

   It has been blessed by the Shining One to cause great damage to the undead
   and demons.
   Int:       It affects your intelligence (+6).
   rC:        It protects you from cold.
 r - the +5 spear of Ryalegatz (weapon) {freeze, rElec rCorr Str-3 Int+4 SInv}
   (You found it on level 3 of the Dungeon)

   It freezes those it strikes, dealing additional cold damage.
   It can also slow down cold-blooded creatures.
   Str:       It affects your strength (-3).
   Int:       It affects your intelligence (+4).
   rElec:     It insulates you from electricity.
   SInv:      It lets you see invisible.
   rCorr:     It protects you from acid and corrosion.
Armour
 b - a +0 robe (worn)
Jewellery
 c - a ring of protection from fire
 p - a ring of ice
 u - an amulet of reflection (around neck)
Wands
 t - a wand of paralysis (12)
 w - a wand of roots (9)
Scrolls
 e - 7 scrolls of identify {unknown}
 j - 3 scrolls of fear {unknown}
 l - a scroll of amnesia {unknown}
 m - 2 scrolls of blinking {unknown}
 q - a scroll of noise {unknown}
 s - a scroll of torment {unknown}
 v - a scroll of enchant weapon {unknown}
 x - 2 scrolls of butterflies {unknown}
 y - a scroll of brand weapon {unknown}
 C - a scroll of teleportation {unknown}
 F - a scroll of immolation {unknown}
Potions
 d - 3 potions of heal wounds
 f - 2 potions of lignification {unknown}
 g - a potion of cancellation {unknown}
 h - a potion of brilliance {unknown}
 k - 2 potions of curing {unknown}
 o - 2 potions of degeneration {unknown}
 z - 3 potions of attraction {unknown}
 A - a potion of flight {unknown}
 B - 2 potions of invisibility {unknown}
 D - 2 potions of ambrosia {unknown}
 E - 2 potions of mutation {unknown}
 G - a potion of haste {unknown}


   Skills:
 + Level 6.4 Fighting
 + Level 2.8 Long Blades
 + Level 4.6 Polearms
 + Level 2.5 Dodging
 + Level 4.1 Spellcasting
 + Level 4.3 Fire Magic


You had 15 spell levels left.
You didn't know any spells.
Your spell library contained the following spells:

 Spells                   Type           Power      Damage    Failure   Level
 Scorch                   Fire           40%        2d7       3%          2
 Necrotise                Necr           12%        1d4       14%         1
 Portal Projectile        Hex/Tloc       6%         N/A       38%         3
 Tukima's Dance           Hex            3%         N/A       38%         3
 Vampiric Draining        Necr           3%         2d6       38%         3
 Fireball                 Conj/Fire      6%         3d5       83%         5
 Agony                    Necr           3%         N/A       98%         5
 Blade Hands              Tmut           1%         N/A       98%         5
 Iskenderun's Battlesphe  Conj           3%         2d6       98%         5
 Conjure Ball Lightning   Conj/Air       1%         3x3d6     100%        6
 Orb of Destruction       Conj           1%         9d5       100%        7


Dungeon Overview and Level Annotations

Branches:
Dungeon (7/15)             Temple (0/1) D:6

Altars:
Dithmenos
Makhleb
Qazlal
Trog
Wu Jian
Xom
Yredelemnul
The Shining One

Shops:
D:2 [   D:3 =

Annotations:
D:7 Dowan, Duvessa, Maggie


Innate Abilities, Weirdness & Mutations

You are too large for most types of armour.
You have tough skin. (AC +1)


Message History

You closely miss Dowan. You hit Duvessa. You freeze Duvessa.
Duvessa is lightly wounded.
Maggie mumbles some strange words.
Maggie draws you further into her thrall.
You hit Duvessa but do no damage.
Duvessa is lightly wounded.
Duvessa hits you with a +4 short sword of venom.
You are poisoned.
You hit Duvessa. You freeze Duvessa.
Duvessa is moderately wounded.
You feel sick. Maggie closely misses you. Duvessa says, "Did you see that move?
Perfect!"
Duvessa hits you with a +4 short sword of venom!
You are more poisoned.
You hit Duvessa. You freeze Duvessa.
Duvessa is moderately wounded.
You feel very sick.
Maggie hits you from afar with a +2 vorpal glaive!
Duvessa hits you with a +4 short sword of venom!
You are too injured to fight recklessly!
Unknown command.
You are too injured to fight recklessly!
You are too injured to fight recklessly!
It was a potion of heal wounds.
You feel much better.
You feel very sick.
Maggie hits you from afar with a +2 vorpal glaive!
Duvessa hits you with a +4 short sword of venom!
You are more poisoned.
You barely miss Duvessa.
Duvessa is moderately wounded.
You feel very sick.
Maggie hits you from afar with a +2 vorpal glaive!
* * * LOW HITPOINT WARNING * * *
x2 Duvessa hits you with a +4 short sword of venom!
* * * LOW HITPOINT WARNING * * *
You are more poisoned.
You hit Duvessa but do no damage.
Duvessa is moderately wounded.
You die...

#.# #####.####
........ ......#
..... @e. #e# #@#
#.# ##########.#
#.........(#
#######.##########
#...............
#.#####.########
#.# #.#


You could see Maggie (mesmerising), Duvessa and Dowan.

Vanquished Creatures
  A sky beast (D:6)
  An ice beast (D:6)
  2 phantoms
  A gnoll sergeant (D:6)
  A howler monkey (D:5)
  2 jellies
  3 hounds
  2 orc wizards (D:6)
  An iguana (D:6)
  7 gnolls
  3 adders
  A shadow imp (D:6)
  2 white imps
  2 ufetubi (D:5)
  A worm (D:3)
  2 dart slugs
  7 orcs
  6 bats
  11 endoplasms
  5 giant cockroaches
  7 goblins
  4 hobgoblins
  9 jackals
  6 quokkas
  8 ball pythons
  2 frilled lizards
  9 kobolds
  2 rats
108 creatures vanquished.

Vanquished Creatures (others)
  56 foxfires
56 creatures vanquished.

Grand Total: 164 creatures vanquished

Notes
Turn   | Place    | Note
-------+----------+-------------------------------------------
     0 | D:1      | warriortoast the Ogre Cinder Acolyte began the quest for
                  | the Orb.
     0 | D:1      | Reached XP level 1. HP: 24/24 MP: 2/2
   119 | D:1      | Reached XP level 2. HP: 19/32 MP: 2/4
   575 | D:1      | Found a faded altar of an unknown god.
   740 | D:1      | Reached XP level 3. HP: 37/40 MP: 5/5
  1351 | D:2      | Found Eskeosio's Armour Shop.
  1353 | D:2      | Identified the +6 long sword of Paper {spect, Will+++ Str+3
                  | Dex+2}
  1470 | D:2      | Reached XP level 4. HP: 27/49 MP: 7/7
  2044 | D:3      | Found a stormy altar of Qazlal.
  2310 | D:3      | Identified the +6 long sword of Petsuumo {holy, rC+ Int+6}
  2478 | D:3      | Identified the +5 spear of Ryalegatz {freeze, rElec rCorr
                  | Str-3 Int+4 SInv}
  2700 | D:3      | Found Roampu's Jewellery Shop.
  2844 | D:4      | Reached skill level 5 in Fighting
  2844 | D:4      | Reached skill level 1 in Long Blades
  2844 | D:4      | Reached XP level 5. HP: 53/57 MP: 8/8
  3023 | D:4      | Noticed a phantom
  3037 | D:4      | Killed a phantom
  3038 | D:4      | Reached skill level 1 in Dodging
  3121 | D:4      | Found a basalt altar of Yredelemnul.
  3206 | D:4      | Found a burning altar of Makhleb.
  3244 | D:4      | Reached XP level 6. HP: 64/66 MP: 10/10
  3434 | D:5      | Entered Level 5 of the Dungeon
  3803 | D:5      | Reached XP level 7. HP: 49/74 MP: 10/12
  3984 | D:5      | Found a shimmering altar of Xom.
  4102 | D:5      | Found a bloodstained altar of Trog.
  4171 | D:5      | Found an ornate altar of the Wu Jian Council.
  4519 | D:6      | Reached skill level 6 in Fighting
  4646 | D:6      | Found a shadowy altar of Dithmenos.
  4760 | D:6      | Found a glowing golden altar of the Shining One.
  4811 | D:6      | Found a staircase to the Ecumenical Temple.
  4829 | D:6      | Reached XP level 8. HP: 61/84 MP: 14/14
  5349 | D:7      | Noticed Maggie
  5349 | D:7      | Noticed Duvessa
  5349 | D:7      | Noticed Dowan
  5357 | D:7      | HP: 2/84 [Duvessa/+4 short sword of venom (10)]
  5358 | D:7      | Succumbed to Duvessa's poison

Illustrated notes

Levels and vault maps discovered:
D:1:      lightli_arrival_statuegarden, layout_basic,
          hellmonk_ecumenical_altar_pennies_from_heaven, minmay_cut_off
D:2:      layout_basic, serial_shops, shop_fountains
D:3:      layout_loops_ring, nicolae_qazlal_eye_of_the_storm, serial_shops,
          nicolae_lakefront_shop, kennysheep_generic_room_8
D:4:      layout_cave_pools, nicolae_overflow_crystal_walls,
          lemuel_coloured_pillars_altar, kennysheep_nub, dk_noncrumbling_4
D:5:      layout_cave_pools, pdpol_wu_jian_five_deadly_venoms,
          trog_butcher_becter, lemuel_round_altar, serial_column_ruins,
          column_ruins_hut, column_ruins_hut, column_ruins_columns_straight,
          column_ruins_columns_corner, column_ruins_open_small_water,
          column_ruins_corridor_straight, column_ruins_columns_T
D:6:      layout_basic, lemuel_tele_altar, tso_metal_star,
          minmay_temple_entry_tees, bh_walls_and_bars
D:7:      layout_basic, uniq_maggie, uniq_pikel, uniq_duvessa

Skill      XL: |  1  2  3  4  5  6  7 |
---------------+----------------------+-----
Fire Magic     | 3 4 |  4.3
Spellcasting   | 2 3 4 |  4.1
Fighting       | 5 6 |  6.4
Long Blades    | 1 2 |  2.8
Dodging        | 1 2 |  2.5
Polearms       | 4 |  4.6

Action                   |  1- 3 |  4- 6 |  7- 9 || total
-------------------------+-------+-------+-------++-------
Melee: Spear             |    93 |   101 |    78 ||   272
       Punch             |     1 |     1 |       ||     2
       Long sword        |    19 |    34 |       ||    53
Invok: Fiery Armour      |     1 |     2 |       ||     3
       Foxfire Swarm     |     1 |     2 |     2 ||     5
  Use: Potion            |       |       |     1 ||     1
Armor: Robe              |    39 |    27 |    10 ||    76
Dodge: Dodged            |    53 |    47 |    12 ||   112
Block: Other             |       |    10 |     9 ||    19
